 Dungeon Crawl Stone Soup version 0.18-a0-5-gf1fb587 (webtiles) character file.

186133 kroki the Warrior (level 18, -10/186 HPs)
             Began as a Kobold Berserker on Oct 31, 2015.
             Was a High Priest of Trog.
             Shot with an arrow by a deep elf master archer (33 damage)
             ... on level 3 of the Elven Halls.
             The game lasted 01:10:09 (37668 turns).

kroki the Warrior (Kobold Berserker)               Turns: 37668, Time: 01:10:09

Health: -10/186    AC: 33    Str: 32    XL:     18   Next: 69%
Magic:  25/25      EV: 26    Int:  7    God:    Trog [*****.]
Gold:   752        SH:  8    Dex: 22    Spells: 0 memorised, 17 levels left

rFire  + . .     SeeInvis +     e - +9 demon whip (elec)
rCold  + + .     Clarity  .     W - +5 chain mail "Xenn" {MR+ Int+2}
rNeg   . . .     SustAt   .     U - +1 buckler {AC+3}
rPois  +         Gourm    .     y - +1 helmet {SInv}
rElec  .         Spirit   .     u - +1 cloak
rCorr  .         Warding  .     N - +3 pair of gloves "Kieskecs" {rF+ Str+3}
rMut   .         Stasis   .     D - +1 pair of boots "Hyme Nei" {rC++ MR- Str+2}
MR     ++++.                    f - amulet of regeneration {+regen, !d}
Stlth  ..........               r - ring of protection from magic {MR+, !d}
                                i - ring of Bojaesun {+Inv rPois Str+5}

@: berserking, very slightly contaminated, regenerating, very quick, incredibly
resistant to hostile enchantments, extremely unstealthy
A: carnivore 3
a: Berserk, Trog's Hand, Brothers in Arms, Burn Spellbooks, Renounce Religion,
Evoke Invisibility
}: 1/15 runes: abyssal


You were on level 3 of the Elven Halls.
You worshipped Trog.
Trog was extremely pleased with you.
You were completely stuffed.

You visited 4 branches of the dungeon, and saw 27 of its levels.
You visited the Abyss 3 times.
You visited 1 bazaar.
You also visited: Labyrinth, Sewer, Ossuary, Ice Cave and Volcano.

You collected 4579 gold pieces.
You spent 3827 gold pieces at shops.

Inventory:

Hand Weapons
 e - a +9 demon whip of electrocution (weapon)
   (You acquired it on level 6 of the Lair of Beasts)
 E - a +4 antimagic demon whip
   (Trog gifted it to you on level 4 of the Orcish Mines)
Missiles
 b - 2 throwing nets {=f, !d}
Armour
 u - a +1 cloak (worn)
   (You took it off Crazy Yiuf on level 3 of the Dungeon)
 y - a +1 helmet of see invisible (worn)
   (You bought it in a shop on level 1 of the Elven Halls)
 D - the +1 pair of boots "Hyme Nei" (worn) {rC++ MR- Str+2}
   (You found it on level 8 of the Lair of Beasts)

   It affects your strength (+2).
   It greatly protects you from cold.
   It affects your resistance to hostile enchantments.
 N - the +3 pair of gloves "Kieskecs" (worn) {rF+ Str+3}
   (You found it on level 1 of the Elven Halls)

   It affects your strength (+3).
   It protects you from fire.
 U - a +1 buckler of protection (worn)
   (You took it off a deep elf knight on level 2 of the Elven Halls)
 W - the +5 chain mail "Xenn" (worn) {MR+ Int+2}
   (You bought it in a shop on level 2 of the Elven Halls)

   It affects your intelligence (+2).
   It affects your resistance to hostile enchantments.
Jewellery
 a - an uncursed amulet of stasis {Stasis, !d}
   (You found it on level 6 of the Lair of Beasts)
 f - an amulet of regeneration (around neck) {+regen, !d}
   (You found it on level 1 of the Dungeon)
 i - the ring of Bojaesun (left hand) {+Inv rPois Str+5}
   (You found it in a labyrinth)

   [ring of poison resistance]

   It affects your strength (+5).
   It protects you from poison.
   It lets you turn invisible.
 r - a ring of protection from magic (right hand) {MR+, !d}
   (You bought it in a shop on level 11 of the Dungeon)
 z - an uncursed ring of protection from fire {rF+, !d}
   (You found it on level 12 of the Dungeon)
 R - an uncursed amulet of guardian spirit {Spirit}
   (You found it in a labyrinth)
 Z - a +4 ring of evasion
   (You found it on level 5 of the Lair of Beasts)
Wands
 s - a wand of disintegration (4)
   (You found it on level 11 of the Dungeon)
 v - a wand of teleportation (3)
   (You took it off Crazy Yiuf on level 3 of the Dungeon)
 M - a wand of slowing (21)
   (You found it on level 8 of the Dungeon)
 O - a wand of digging (15)
   (You found it on level 1 of the Elven Halls)
 Q - a wand of lightning (4)
   (You found it on level 7 of the Lair of Beasts)
Scrolls
 m - 2 scrolls of magic mapping {!r}
 o - 16 scrolls of remove curse
 p - 4 scrolls of teleportation
 A - a scroll of enchant weapon
 B - a scroll of fear
 G - 3 scrolls of blinking {!r}
 I - a scroll of holy word {!r}
 J - 2 scrolls of recharging
 K - a scroll of enchant armour
 P - a scroll of silence
 S - 2 scrolls of fog
 T - 4 scrolls of identify
Potions
 g - 3 potions of haste
 h - 15 potions of curing
 j - 4 potions of brilliance
 k - 5 potions of agility
 q - a potion of magic
 t - a potion of cancellation
 w - 2 potions of flight
 x - a potion of invisibility
 C - 5 potions of resistance
 V - 2 potions of might {=R}
 Y - a potion of cure mutation {!q}
Miscellaneous
 H - a plain deck of defence {drawn: 1}
   (You found it on level 6 of the Lair of Beasts)
 L - a sack of spiders
   (You found it on level 3 of the Abyss)
 X - a plain deck of summoning {Repulsiveness}
   (You found it on level 1 of the Elven Halls)
Comestibles
 c - 12 meat rations {@e2}
 l - 12 beef jerkies
 n - 5 slices of pizza
 F - 18 chunks of flesh {@w0}


   Skills:
 + Level 17.7 Fighting
 - Level 13.2 Maces & Flails
 + Level 14.5 Armour
 + Level 15.6 Dodging
 - Level 5.0 Shields
 - Level 10.0 Evocations


You had 17 spell levels left.
You didn't know any spells.

Dungeon Overview and Level Annotations

Branches:
Dungeon (12/15)            Temple (0/1) D:7            Lair (8/8) D:8
  Swamp (0/4) Lair:3        Snake (0/4) Lair:5        Slime (0/6) Lair:6
    Orc (4/4) D:12            Elf (3/3) Orc:3

Altars:
Cheibriados
Makhleb
Nemelex Xobeh
Okawaru
Trog
Xom
Beogh
Jiyva

Shops:
D:5 ?   D:11 =*   Orc:4 *[:((   Elf:1 [   Elf:2 [!   Elf:3 ?

Portals:
Hell: Lair:8

Annotations:
Lair:6 1 runed door
Elf:2 3 runed doors


Innate Abilities, Weirdness & Mutations

You are small and have problems with some larger weapons.
You are carnivorous and can eat meat at any time.


Message History

You drop a wand of lightning {zapped: 6}.
F - a glass ring Read which item? (? for menu, Esc to quit)
Identify which item? (\ to view known items) (? for menu, Esc to quit)
Choose an unidentified item, or Esc to abort.
Identify which item? (\ to view known items) (? for menu, Esc to quit)
As you read the scroll of identify, it crumbles to dust.
F - a cursed ring of teleportation Drop what? 52/52 slots (_ for help) (? for menu, Esc to quit)
Really drop
F - a cursed ring of teleportation {+/*tele, !d}?
You drop a cursed ring of teleportation {+/*tele, !d}.
F - a chunk of flesh {@w0}
Things that are here:
a long sword; an enchanted dagger; an elf skeleton You see here an arrow of flame.
A deep elf master archer comes into view.
The deep elf master archer shouts!
The deep elf master archer wields a longbow.
The deep elf master archer shoots an arrow.
You block the arrow.
Things that are here:
an arrow; a short sword; a buckler The deep elf master archer shoots an arrow.
The arrow hits you.
The deep elf master archer shoots an arrow.
The arrow hits you!
You see here 2 arrows.
You take 13 damage, and have 97/124 hp.
The deep elf master archer shoots an arrow.
The arrow hits you!!
Things that are here:
an arrow; a short sword; an elf corpse You take 29 damage, and have 68/124 hp.
MASSIVE DAMAGE!!
The deep elf master archer shoots an arrow.
The arrow closely misses you.
The deep elf master archer shoots an arrow.
The arrow hits you!!
You see here 3 arrows.
You take 21 damage, and have 47/124 hp.
The deep elf master archer shoots an arrow.
The arrow completely misses you.
Things that are here:
2 arrows; a short sword; a buckler The deep elf master archer shoots an arrow.
The arrow hits you but does no damage.
The deep elf master archer shoots an arrow.
The arrow hits you!!!
* * * LOW HITPOINT WARNING * * *
You see here 2 arrows.
You take 35 damage, and have 13/124 hp.
MASSIVE DAMAGE!!
Read which item? (? for menu, Esc to quit)
Really read
G - 4 scrolls of blinking {!r}? [Y]es or [N]o only, please.
Really read
G - 4 scrolls of blinking {!r}?
Blink to where?
You are very lightly contaminated with residual magic.
As you read the scroll of blinking {!r}, it crumbles to dust.
Unknown command.
Things that are here:
a long sword; an enchanted dagger; an elf skeleton Your skin crawls.
You feel resistant to hostile enchantments.
You feel slightly less full.
You regained 2 hp, and now have 16/124 hp.
F - 4 chunks of flesh {@w0} (gained 3);
F - 8 chunks of flesh {@w0} (gained 4)
F - 12 chunks of flesh {@w0} (gained 4)
F - 13 chunks of flesh {@w0} (gained 1)
F - 16 chunks of flesh {@w0} (gained 3)
F - 20 chunks of flesh {@w0} (gained 4)
Items here: ! ((( )))))))))))))))))))))))))))))))) / == [[[[[[[[[[[ You regained 3 hp, and now have 19/124 hp.
Things that are here:
2 arrows of flame; a runed flail {god gift} You regained 2 hp, and now have 21/124 hp.
Drink which item? (? for menu, Esc to quit)
You feel much better.
You regained 22 hp, and now have 43/124 hp.
You start resting.
Eating one of 20 chunks of flesh {@w0}.
This raw flesh tastes great.
You continue eating. x2
Eating one of 19 chunks of flesh {@w0}.
This raw flesh tastes great.
You continue eating.
The deep elf master archer shoots an arrow.
The arrow hits you!
The deep elf master archer shoots an arrow.
The arrow misses you.
You continue eating.
The deep elf master archer shoots an arrow.
The arrow hits you!!
* * * LOW HITPOINT WARNING * * *
You take 29 damage, and have 14/124 hp.
MASSIVE DAMAGE!!
A red film seems to cover your vision as you go berserk!
You feel yourself moving faster!
You feel mighty!
You feel quite a bit less full.
The deep elf master archer shoots an arrow.
The arrow hits you!!
You die...

#.........# #..#...#
##.........## #..#...#
#.....e.....# #..#...#
.....##(##..... #..#...# ...
#(# ... #..#...# . #(# .
#..#...# #.#### #..#....
#ยง##e## #..#.... #.#)#@#
#..#....
########.(############..#####
.........)............}......
.......).....................
##########'############'#######
...............................
..............................
..............................
########'######################


You could see a deep elf master archer.

Vanquished Creatures
  A lich (Abyss:3)
  A bone dragon (Abyss:1)
  2 deep elf blademasters (Elf:3)
  A deep elf master archer (Elf:3)
  An Executioner (Abyss:1)
  Gastronok (Orc:1)
  A tentacled starspawn (Abyss:3)
  4 deep elf sorcerers (Elf:3)
  An orc warlord (Orc:4)
  Louise (Elf:3)
  The ghost of Alipheese the Brawler, a journeyman NaFi of Okawaru (Lair:8)
  A stone giant (Orc:4)
  7 deep elf demonologists
  6 deep elf annihilators (Elf:3)
  A dire elephant (Lair:8)
  2 deep elf death magi (Elf:3)
  A minotaur (Lab)
  Josephine (Lair:7)
  2 great orbs of eyes
  A fire dragon (Volcano)
  5 hydras
  The ghost of mrath the Protected, a journeyman MiFi of Okawaru (IceCv)
  Erolcha (Orc:2)
  2 deep elf high priests
  Fannar (Orc:1)
  A naga warrior (Lair:5)
  2 catoblepae (Abyss:3)
  A dancing weapon (Elf:2)
  4 orc high priests
  A hell hog (Abyss:3)
  4 death yaks (Lair:7)
  Sonja (Orc:4)
  5 thrashing horrors
  The ghost of Duffy the Cleaver, a novice NaBe of Trog (D:6)
  3 wretched stars (Abyss:3)
  14 deep elf knights
  3 ice devils
  12 deep elf summoners
  2 hill giants (D:11)
  12 deep elf conjurers
  5 orc knights
  2 griffons (Lair:8)
  A wizard (Lair:8)
  A necromancer (Lair:6)
  5 orc sorcerers (Orc:4)
  2 ugly things
  A manticore (D:12)
  12 elephants
  A sixfirhy (Lair:8)
  7 black mambas
  2 molten gargoyles (Volcano)
  Joseph (D:8)
  2 smoke demons
  2 ice statues (IceCv)
  3 gargoyles
  A torpor snail (Lair:7)
  12 spiny frogs
  5 orange demons (Lair:8)
  2 efreet
  13 komodo dragons
  A fire drake (shapeshifter) (Abyss:2)
  A hellwing (Lair:8)
  2 red devils (Lair:8)
  4 fire drakes
  9 starcursed masses
  5 deep elf priests
  3 catoblepas skeletons (Abyss:3)
  A troll (shapeshifter) (Elf:3)
  2 polar bears
  5 trolls
  3 ancient zymes
  10 blue devils
  A silent spectre (Abyss:3)
  The ghost of Conn321 the Sneak, a novice SpCj of Sif Muna (Ossuary)
  A boulder beetle (Abyss:3)
  Prince Ribbit (D:7)
  4 raiju
  A trapdoor spider zombie (D:11)
  25 blink frogs
  A fire dragon zombie (Abyss:3)
  3 wraiths (Lair:7)
  6 two-headed ogres
  An alligator zombie (Abyss:2)
  4 flying skulls (Abyss:3)
  Sigmund (D:2)
  41 yaks
  5 fire bats (Volcano)
  A human (D:8)
  A redback (shapeshifter) (Elf:3)
  A wyvern (Lair:8)
  A vampire (Abyss:2)
  5 ynoxinuls
  24 deep elf magi
  21 deep elf fighters
  A steam dragon (D:12)
  A shadow (D:10)
  9 hippogriffs
  3 large abominations
  4 basilisks
  A hungry ghost (D:11)
  18 wolves
  2 mottled dragons
  2 vampire mosquitoes (D:11)
  2 nagas (Lair:5)
  A soldier ant (D:12)
  2 hell hounds (Abyss:2)
  4 wargs
  The ghost of radek the Conjurer, an amateur DECj of Vehumet (Sewer)
  11 porcupines
  A wasp (D:12)
  3 ice beasts
  13 water moccasins
  46 orc warriors
  3 sky beasts
  A black bear (Lair:4)
  A phantom (D:11)
  7 ogres
  18 crocodiles
  2 centaurs
  The ghost of radek the Conjurer, an amateur DECj (D:3)
  2 gnoll sergeants
  4 earth elementals
  18 giant frogs
  A wyvern zombie (D:8)
  5 small abominations
  4 killer bees (D:8)
  5 scorpions
  The ghost of emiel the Insei, a weakling HuMo (Sewer)
  4 electric eels
  3 vampire bats (Lair:8)
  6 lava snakes (Volcano)
  4 wights
  6 hounds
  5 crimson imps
  3 giant frog skeletons
  A centaur zombie (D:12)
  2 giant frog zombies
  4 centaur skeletons
  Crazy Yiuf (D:3)
  A quasit (Abyss:3)
  42 orc priests
  37 orc wizards
  16 iguanas
  6 jellies
  Terence (D:3)
  6 worker ants
  4 yak simulacra (Lair:6)
  A polar bear simulacrum (Lair:6)
  2 hell rats (Lair:4)
  3 wolf simulacra (Lair:6)
  9 sheep
  A big kobold zombie (Ossuary)
  3 hound skeletons
  8 mummies (Ossuary)
  A worker ant zombie (D:11)
  15 adders
  8 gnolls
  75 river rats
  2 shadow imps
  17 white imps
  10 ufetubi (IceCv)
  An adder zombie (D:8)
  7 worms
  An adder skeleton (D:4)
  218 orcs
  5 ball pythons
  11 bats
  13 giant cockroaches
  6 goblins
  3 hobgoblins
  5 quokkas
  12 giant geckos
  A giant gecko zombie (D:7)
  7 giant newts
  2 hobgoblin zombies (Ossuary)
  13 jackals
  11 kobolds
  2 kobold zombies (Ossuary)
  An orc zombie (Ossuary)
  A quokka zombie (D:6)
  7 rats
  3 river rat simulacra (Lair:6)
1224 creatures vanquished.

Vanquished Creatures (collateral kills)
  A bone dragon (Abyss:1)
  A small abomination (Abyss:1)
  A porcupine (Lair:5)
  A hobgoblin zombie (Ossuary)
  A kobold zombie (Ossuary)
5 creatures vanquished.

Vanquished Creatures (others)
  A deep elf high priest (Elf:1)
  The ghost of mrath the Protected, a journeyman MiFi of Okawaru (IceCv)
  The ghost of Rayvis the Fighter, a novice DsFi of Makhleb (IceCv)
  A deep elf conjurer (Elf:3)
  A catoblepas skeleton (Abyss:3)
  An orc warrior (Elf:1)
  An orc wizard (Orc:4)
  A white imp (IceCv)
  2 ufetubi (IceCv)
  3 orcs
  6 fungi
  3 plants
22 creatures vanquished.

Grand Total: 1251 creatures vanquished

Notes
Turn   | Place    | Note
--------------------------------------------------------------
     0 | D:1      | kroki the Kobold Berserker began the quest for the Orb.
     0 | D:1      | Reached XP level 1. HP: 14/14 MP: 1/1
   280 | D:1      | Reached XP level 2. HP: 19/19 MP: 2/2
  1063 | D:2      | Reached skill level 4 in Maces & Flails
  1063 | D:2      | Reached XP level 3. HP: 17/23 MP: 3/3
  1139 | D:2      | Reached ** piety under Trog
  1312 | D:2      | Noticed Sigmund
  1322 | D:2      | Killed Sigmund
  1322 | D:2      | Reached skill level 6 in Maces & Flails
  1322 | D:2      | Reached XP level 4. HP: 28/28 MP: 4/4
  1322 | D:2      | Reached XP level 5. HP: 32/32 MP: 5/5
  1322 | D:2      | Reached XP level 6. HP: 37/37 MP: 6/6
  2302 | D:3      | Noticed radek's ghost (amateur DECj)
  2324 | D:3      | Killed radek's ghost
  2324 | D:3      | Reached skill level 7 in Maces & Flails
  2545 | D:3      | Noticed Crazy Yiuf
  2552 | D:3      | Killed Crazy Yiuf
  2552 | D:3      | Reached XP level 7. HP: 41/41 MP: 7/7
  2689 | D:3      | Noticed Terence
  2696 | D:3      | Killed Terence
  2746 | D:3      | Found an iron altar of Okawaru.
  2811 | D:3      | Reached *** piety under Trog
  3421 | D:4      | Reached skill level 2 in Armour
  3507 | D:4      | Reached skill level 4 in Fighting
  3582 | D:5      | Entered Level 5 of the Dungeon
  3626 | D:5      | Found a glowing drain.
  3627 | D:5      | Found Huadwopu's Magic Scroll Shoppe.
  3648 | D:5      | Bought a scroll of identify for 28 gold pieces
  3648 | D:5      | Bought a scroll of identify for 28 gold pieces
  3648 | D:5      | Bought a scroll of magic mapping for 49 gold pieces
  3659 | Sewer    | Entered a sewer
  3676 | Sewer    | Noticed emiel's ghost (weakling HuMo)
  3687 | Sewer    | Killed emiel's ghost
  3690 | Sewer    | Noticed radek's ghost (amateur DECj)
  3714 | Sewer    | Killed radek's ghost
  3714 | Sewer    | Reached XP level 8. HP: 27/48 MP: 8/8
  3843 | Sewer    | Reached **** piety under Trog
  3913 | Sewer    | Reached skill level 5 in Fighting
  3913 | Sewer    | Reached skill level 3 in Armour
  3955 | Sewer    | Reached skill level 8 in Maces & Flails
  4021 | D:5      | Found a sand-covered staircase.
  4026 | Ossuary  | Entered an ossuary
  4026 | Ossuary  | Noticed Conn321's ghost (novice SpCj)
  4046 | Ossuary  | Killed Conn321's ghost
  4712 | D:5      | Reached skill level 6 in Fighting
  4712 | D:5      | Reached skill level 4 in Armour
  4715 | D:5      | Reached XP level 9. HP: 49/55 MP: 9/9
  5108 | D:5      | Bought a scroll of identify for 28 gold pieces
  5108 | D:5      | Bought a scroll of blinking for 105 gold pieces
  5108 | D:5      | Bought a scroll of identify for 28 gold pieces
  5108 | D:5      | Bought a scroll of remove curse for 42 gold pieces
  5108 | D:5      | Bought a scroll of holy word for 105 gold pieces
  5108 | D:5      | Bought a scroll of recharging for 133 gold pieces
  5110 | D:5      | Gained mutation: Armour fits poorly on your strangely shaped body. [potion of mutation]
  5110 | D:5      | Gained mutation: You evolve. [potion of mutation]
  5110 | D:5      | Gained mutation: You are occasionally teleported to nearby monsters. [potion of mutation]
  5111 | D:5      | Lost mutation: You evolve. [potion of cure mutation]
  5111 | D:5      | Lost mutation: You are occasionally teleported to nearby monsters. [potion of cure mutation]
  5354 | D:6      | HP: 20/84 [ogre/giant club (9)]
  5360 | D:6      | HP: 11/56 [poisoned by an orc wizard]
  5365 | D:6      | Reached skill level 9 in Maces & Flails
  5365 | D:6      | HP: 18/84 [something/puff of flame (10)]
  5375 | D:6      | HP: 20/84 [poisoned by an orc wizard]
  5380 | D:6      | HP: 13/84 [poisoned by an orc wizard]
  5385 | D:6      | HP: 12/84 [poisoned by an orc wizard]
  5391 | D:6      | HP: 13/84 [poisoned by an orc wizard]
  5396 | D:6      | HP: 14/84 [poisoned by an orc wizard]
  5404 | D:6      | HP: 12/56 [poisoned by an orc wizard]
  6137 | D:6      | Noticed Duffy's ghost (novice NaBe)
  6151 | D:6      | HP: 18/84 [Duffy's ghost (16)]
  6154 | D:6      | Killed Duffy's ghost
  6154 | D:6      | Reached skill level 7 in Fighting
  6154 | D:6      | Reached skill level 5 in Armour
  6552 | D:7      | Reached XP level 10. HP: 64/64 MP: 10/10
  6652 | D:7      | Found a staircase to the Ecumenical Temple.
  6762 | D:7      | Reached skill level 8 in Fighting
  6996 | D:7      | Noticed Prince Ribbit
  7004 | D:7      | HP: 15/64 [Prince Ribbit (5)]
  7149 | D:7      | Killed Prince Ribbit
  7205 | D:8      | Found a bloodstained altar of Trog.
  7233 | D:8      | Reached skill level 10 in Maces & Flails
  7284 | D:9      | Reached skill level 6 in Armour
  7477 | D:8      | Found a staircase to the Lair.
  7825 | D:8      | Reached ***** piety under Trog
  7838 | D:8      | Reached skill level 9 in Fighting
  7966 | D:8      | Noticed Joseph
  8145 | D:8      | Killed Joseph
  8452 | Lair:1   | Entered Level 1 of the Lair of Beasts
  8660 | Lair:1   | Noticed a spiny frog
  8674 | Lair:1   | Killed a spiny frog
  8674 | Lair:1   | Reached skill level 7 in Armour
  8678 | Lair:1   | HP: 16/66 [poisoned by a spiny frog]
  8683 | Lair:1   | HP: 11/66 [poisoned by a spiny frog]
  8688 | Lair:1   | HP: 9/66 [poisoned by a spiny frog]
  8693 | Lair:1   | HP: 8/66 [poisoned by a spiny frog]
  8699 | Lair:1   | HP: 9/66 [poisoned by a spiny frog]
  8705 | Lair:1   | HP: 11/66 [poisoned by a spiny frog]
  8713 | Lair:1   | HP: 14/66 [poisoned by a spiny frog]
  8842 | Lair:1   | Reached XP level 11. HP: 62/71 MP: 11/11
  9006 | Lair:1   | Reached skill level 11 in Maces & Flails
  9382 | Lair:1   | Reached skill level 10 in Fighting
  9824 | Lair:2   | Found a labyrinth entrance.
  9852 | Lab      | Entered a labyrinth
  9991 | Lab      | Noticed a minotaur
 10005 | Lab      | HP: 16/108 [minotaur (14)]
 10007 | Lab      | Killed a minotaur
 10054 | Lab      | Got a flickering tin ring
 10054 | Lab      | Identified Asmodeus's Catalogue of Confrontation and Fire
 10089 | Lab      | Identified the ring of Bojaesun {+Inv rPois Str+5} (You found it in a labyrinth)
 10295 | Lair:2   | Reached skill level 8 in Armour
 10743 | Lair:2   | HP: 17/73 [blink frog (13)]
 10748 | Lair:2   | HP: 13/73 [blink frog (9)]
 10933 | Lair:2   | Reached skill level 11 in Fighting
 11268 | Lair:2   | Received a gift from Trog
 11360 | Lair:2   | Reached skill level 12 in Maces & Flails
 11519 | Lair:2   | Reached XP level 12. HP: 71/80 MP: 12/12
 11622 | Lair:2   | Reached skill level 1 in Evocations
 11647 | Lair:2   | Reached skill level 2 in Evocations
 12002 | Lair:3   | Found a staircase to the Swamp.
 12066 | Lair:3   | Received a gift from Trog
 12357 | Lair:3   | Reached skill level 3 in Evocations
 12913 | Lair:3   | Reached skill level 4 in Evocations
 13282 | Lair:4   | Reached skill level 5 in Evocations
 13493 | Lair:4   | HP: 20/80 [poisoned by a black mamba]
 13499 | Lair:4   | HP: 18/80 [poisoned by a black mamba]
 13504 | Lair:4   | HP: 17/80 [poisoned by a black mamba]
 13509 | Lair:4   | HP: 18/80 [poisoned by a black mamba]
 13515 | Lair:4   | HP: 20/80 [poisoned by a black mamba]
 13841 | Lair:4   | Reached skill level 6 in Evocations
 13864 | Lair:4   | Noticed a seven-headed hydra
 13877 | Lair:4   | Killed a seven-headed hydra
 13877 | Lair:4   | Reached skill level 9 in Armour
 14065 | Lair:4   | Found a snail-covered altar of Cheibriados.
 14290 | Lair:4   | Reached skill level 7 in Evocations
 14705 | Lair:5   | Reached XP level 13. HP: 74/85 MP: 18/18
 14730 | Lair:5   | Found a dark tunnel.
 14735 | Volcano  | Entered a volcano
 15020 | Volcano  | Found a burning altar of Makhleb.
 15020 | Volcano  | Noticed a fire dragon
 15022 | Volcano  | Received a gift from Trog
 15023 | Volcano  | Reached skill level 8 in Evocations
 15033 | Volcano  | Killed a fire dragon
 15295 | Lair:5   | Reached skill level 9 in Evocations
 15645 | Lair:5   | Reached skill level 13 in Maces & Flails
 15942 | Lair:5   | Noticed a naga warrior
 15983 | Lair:5   | Killed a naga warrior
 16181 | Lair:5   | Found a staircase to the Snake Pit.
 16230 | Lair:5   | Reached skill level 10 in Evocations
 16639 | Lair:6   | Identified a scroll of acquirement
 16906 | Lair:6   | Reached skill level 3 in Dodging
 16907 | Lair:6   | HP: 23/127 [necromancer/nerve-wracking pain (20)]
 16928 | Lair:6   | Reached skill level 10 in Armour
 17170 | Lair:6   | Reached skill level 12 in Fighting
 17388 | Lair:6   | Found a runed door.
 17389 | Lair:6   | Found a viscous altar of Jiyva.
 17389 | Lair:6   | Noticed an azure jelly
 17389 | Lair:6   | Noticed an azure jelly
 17411 | Lair:6   | Noticed an azure jelly
 17412 | Lair:6   | Found a staircase to the Slime Pits.
 17619 | Lair:6   | Reached skill level 4 in Dodging
 18017 | Lair:7   | HP: 32/129 [crocodile (4)]
 18019 | Lair:7   | Received a gift from Trog
 18201 | Lair:7   | Found a sparkling altar of Nemelex Xobeh.
 18229 | Lair:7   | Reached skill level 5 in Dodging
 18330 | Lair:7   | Reached XP level 14. HP: 92/92 MP: 21/21
 18938 | Lair:7   | Reached skill level 6 in Dodging
 19107 | Lair:7   | HP: 20/92 [death yak (9)]
 19119 | Lair:7   | Reached skill level 7 in Dodging
 19357 | Lair:7   | Noticed Josephine
 19370 | Lair:7   | Reached skill level 13 in Fighting
 19387 | Lair:7   | Reached skill level 11 in Armour
 19411 | Lair:7   | Killed Josephine
 19644 | Lair:8   | Entered Level 8 of the Lair of Beasts
 19644 | Lair:8   | Noticed Alipheese's ghost (journeyman NaFi)
 19857 | Lair:8   | Reached skill level 8 in Dodging
 19921 | Lair:8   | Killed Alipheese's ghost
 20810 | Lair:8   | Received a gift from Trog
 20868 | Lair:8   | Reached skill level 9 in Dodging
 21162 | Lair:8   | Reached XP level 15. HP: 97/100 MP: 22/22
 21287 | Lair:8   | Found a burning altar of Makhleb.
 21388 | Lair:8   | Reached skill level 14 in Fighting
 21459 | Lair:8   | Found a gateway to Hell.
 21467 | Lair:8   | Got a pair of steaming boots
 21610 | Lair:8   | Identified the +1 pair of boots "Hyme Nei" {rC++ MR- Str+2} (You found it on level 8 of the Lair of Beasts)
 21994 | D:9      | Received a gift from Trog
 22046 | D:9      | Reached skill level 10 in Dodging
 22103 | D:9      | Found a shimmering altar of Xom.
 22109 | D:9      | Found a shimmering altar of Xom.
 22121 | D:9      | Found a shimmering altar of Xom.
 22121 | D:9      | Found a shimmering altar of Xom.
 22121 | D:9      | Found a shimmering altar of Xom.
 22129 | D:9      | Found a shimmering altar of Xom.
 22589 | D:10     | Entered Level 10 of the Dungeon
 22925 | D:10     | Reached skill level 12 in Armour
 23573 | D:11     | Reached ****** piety under Trog
 23682 | D:11     | Found Neuckeb's Jewellery Shop.
 23752 | D:11     | Found Jiosh's Pet Rocks.
 24065 | D:11     | Bought an uncursed ring of protection from magic for 325 gold pieces
 24462 | D:12     | Found a flickering gateway to a bazaar.
 24476 | D:12     | Received a gift from Trog
 24519 | Bazaar   | Entered a bazaar
 24539 | Bazaar   | Found Loadghorgh's Antique Armour Emporium.
 24539 | Bazaar   | Found Beffir Penu's Antique Armour Shoppe.
 24573 | Bazaar   | Found Dudokk Hounu's Magic Scroll Shoppe.
 24588 | Bazaar   | Found Cavvimp's Antique Weapon Emporium.
 24588 | Bazaar   | Found Beolival's Assorted Antiques.
 24646 | Bazaar   | Bought a scroll of remove curse for 21 gold pieces
 24646 | Bazaar   | Bought 2 scrolls of remove curse for 42 gold pieces
 24646 | Bazaar   | Bought a scroll of identify for 14 gold pieces
 24646 | Bazaar   | Bought a scroll of blinking for 52 gold pieces
 24646 | Bazaar   | Bought a scroll of remove curse for 21 gold pieces
 24661 | Bazaar   | Bought a scroll of enchant weapon for 195 gold pieces
 24661 | Bazaar   | Bought a jewelled lead wand for 104 gold pieces
 24661 | Bazaar   | Bought a scroll of identify for 52 gold pieces
 24661 | Bazaar   | Bought a jewelled copper wand for 104 gold pieces
 24661 | Bazaar   | Bought a scroll of enchant armour for 195 gold pieces
 25256 | D:12     | Found a staircase to the Orcish Mines.
 25938 | Orc:1    | Entered Level 1 of the Orcish Mines
 25938 | Orc:1    | Noticed Fannar
 25994 | Orc:1    | Killed Fannar
 26087 | Orc:1    | Found a frozen archway.
 26108 | IceCv    | Entered an ice cave
 26116 | IceCv    | Noticed mrath's ghost (journeyman MiFi)
 26125 | IceCv    | Killed mrath's ghost
 26143 | IceCv    | Received a gift from Trog
 26178 | IceCv    | Reached skill level 11 in Dodging
 26190 | IceCv    | Killed mrath's ghost
 26287 | IceCv    | Killed Rayvis's ghost
 26925 | Orc:1    | Noticed Gastronok
 26937 | Orc:1    | Killed Gastronok
 27423 | Orc:2    | Noticed Erolcha
 27435 | Orc:2    | Killed Erolcha
 27435 | Orc:2    | Reached skill level 15 in Fighting
 27795 | Orc:3    | Found a staircase to the Elven Halls.
 27898 | Orc:3    | Received a gift from Trog
 27898 | Orc:3    | Reached XP level 16. HP: 94/108 MP: 23/23
 28571 | Orc:3    | Found a roughly hewn altar of Beogh.
 28689 | Orc:4    | Entered Level 4 of the Orcish Mines
 29139 | Orc:4    | Found Kyosifulau's Weapon Emporium.
 29286 | Orc:4    | Noticed Sonja
 29290 | Orc:4    | Killed Sonja
 29521 | Orc:4    | Received a gift from Trog
 29905 | Orc:4    | Reached skill level 12 in Dodging
 30670 | Orc:4    | Found Lusatoge's General Store.
 30671 | Orc:4    | Found Qyirizoq's Book Shoppe.
 30672 | Orc:4    | Found Ifrusad's Antique Armour Shoppe.
 30672 | Orc:4    | Found Koca Von's Antique Weapon Emporium.
 30715 | Orc:4    | Received a gift from Trog
 31003 | Elf:1    | Entered Level 1 of the Elven Halls
 31048 | Elf:1    | Reached skill level 13 in Armour
 31450 | Elf:1    | Found Obisamax's Armour Shoppe.
 31458 | Elf:1    | Bought a +1 helmet of see invisible for 214 gold pieces
 32153 | Elf:1    | HP: 25/109 [soul eater/drain life[a deep elf high priest] (13)]
 32153 | Elf:1    | HP: 4/109 [deep elf high priest/burst of hellfire (21)]
 32289 | Elf:1    | Reached skill level 1 in Shields
 32627 | Elf:1    | Gained mutation: You have sharp toenails. [potion of beneficial mutation]
 32713 | Elf:1    | Reached skill level 2 in Shields
 32741 | Elf:1    | Received a gift from Trog
 32756 | Elf:1    | Reached skill level 3 in Shields
 33135 | Elf:1    | Reached skill level 4 in Shields
 33359 | Elf:1    | Got a pair of smoking gloves
 33365 | Elf:1    | Identified the +3 pair of gloves "Kieskecs" {rF+ Str+3} (You found it on level 1 of the Elven Halls)
 33365 | Elf:1    | kroki: neat
 33616 | Elf:1    | Reached skill level 5 in Shields
 34123 | Elf:2    | Reached XP level 17. HP: 115/115 MP: 24/24
 34175 | Elf:2    | Found Metacw's Armour Emporium.
 34183 | Elf:2    | Reached skill level 13 in Dodging
 34309 | Elf:2    | Bought the +5 chain mail "Xenn" {MR+ Int+2} for 601 gold pieces
 34373 | Elf:2    | Found Cuzoaps's Distillery.
 34376 | Elf:2    | Bought a potion of heal wounds for 55 gold pieces
 34376 | Elf:2    | Bought a potion of curing for 33 gold pieces
 34376 | Elf:2    | Bought a potion of curing for 33 gold pieces
 34376 | Elf:2    | Bought a potion of cure mutation for 385 gold pieces
 34376 | Elf:2    | Bought a potion of resistance for 110 gold pieces
 34376 | Elf:2    | Bought a potion of lignification for 33 gold pieces
 34376 | Elf:2    | Bought a potion of might for 44 gold pieces
 34396 | Elf:2    | Received a gift from Trog
 34518 | Elf:2    | Found a runed gate.
 34518 | Elf:2    | Found a runed gate.
 34520 | Elf:2    | Found a runed gate.
 34667 | Elf:3    | Entered Level 3 of the Elven Halls
 34675 | Elf:3    | Cast into the Abyss (deep elf fighter)
 34757 | Abyss:1  | Reached skill level 16 in Fighting
 34759 | Abyss:1  | Noticed an Executioner
 34770 | Abyss:1  | Killed an Executioner
 34777 | Abyss:1  | Found a corrupted altar of Lugonu.
 34804 | Abyss:1  | Lost mutation: You have sharp toenails. [potion of cure mutation]
 34804 | Abyss:1  | Lost mutation: Armour fits poorly on your strangely shaped body. [potion of cure mutation]
 34853 | Abyss:1  | Found a radiant altar of Vehumet.
 34914 | Abyss:1  | Noticed a bone dragon
 34923 | Abyss:1  | Killed a bone dragon
 34963 | Abyss:1  | Noticed a bone dragon
 35010 | Abyss:1  | Killed a bone dragon
 35174 | Abyss:2  | Found a corrupted altar of Lugonu.
 35214 | Elf:3    | Escaped the Abyss
 35237 | Elf:3    | Noticed Louise
 35255 | Elf:3    | Killed Louise
 35260 | Elf:3    | Cast into the Abyss (deep elf fighter)
 35262 | Abyss:1  | kroki: lol
 35376 | Abyss:1  | Noticed a bone dragon
 35430 | Abyss:2  | Found a runed gate.
 35430 | Abyss:2  | Found a runed gate.
 35432 | Abyss:2  | Found a runed gate.
 35486 | Abyss:2  | Noticed an Executioner
 35768 | Abyss:3  | Got an abyssal rune of Zot
 35769 | Abyss:3  | kroki: hah
 35849 | Abyss:3  | Reached skill level 14 in Dodging
 35858 | Abyss:3  | Noticed a lich
 35870 | Abyss:3  | Killed a lich
 35973 | Abyss:3  | HP: 11/116 [ynoxinul/iron shot (39)]
 35995 | Abyss:3  | HP: 27/116 [starcursed mass/accursed screaming (4)]
 36001 | Abyss:3  | HP: 18/116 [starcursed mass/accursed screaming (6)]
 36013 | Abyss:3  | HP: 28/116 [raiju (3)]
 36061 | Abyss:3  | Noticed a tentacled starspawn
 36066 | Abyss:3  | Killed a tentacled starspawn
 36070 | Abyss:3  | Reached skill level 14 in Armour
 36141 | Abyss:3  | Found a corrupted altar of Lugonu.
 36170 | Abyss:3  | Found an ancient bone altar of Kikubaaqudgha.
 36229 | Elf:3    | Escaped the Abyss
 36258 | Elf:3    | Found Deanintus's Magic Scroll Shop.
 36266 | Elf:3    | Bought a scroll of enchant weapon for 135 gold pieces
 36266 | Elf:3    | Bought a scroll of holy word for 135 gold pieces
 36266 | Elf:3    | Bought a scroll of enchant weapon for 135 gold pieces
 36266 | Elf:3    | Bought a scroll of identify for 36 gold pieces
 36266 | Elf:3    | Bought 3 scrolls of identify for 108 gold pieces
 36266 | Elf:3    | Bought a scroll of magic mapping for 63 gold pieces
 36266 | Elf:3    | Bought a scroll of fog for 36 gold pieces
 36468 | Elf:3    | Reached skill level 17 in Fighting
 36731 | Elf:3    | Reached XP level 18. HP: 123/123 MP: 25/25
 36764 | Elf:3    | Cast into the Abyss (a deep elf demonologist)
 36773 | Elf:3    | Escaped the Abyss
 36983 | Elf:3    | Received a gift from Trog
 37152 | Elf:3    | Noticed a deep elf blademaster
 37166 | Elf:3    | Killed a deep elf blademaster
 37202 | Elf:3    | Noticed a deep elf blademaster
 37216 | Elf:3    | Killed a deep elf blademaster
 37216 | Elf:3    | Reached skill level 15 in Dodging
 37406 | Elf:3    | Noticed a deep elf master archer
 37421 | Elf:3    | Killed a deep elf master archer
 37648 | Elf:3    | Noticed a deep elf master archer
 37654 | Elf:3    | HP: 13/124 [deep elf master archer/arrow (36)]
 37667 | Elf:3    | HP: 14/124 [deep elf master archer/arrow (30)]
 37668 | Elf:3    | Shot with an arrow by a deep elf master archer

Vault maps used:
D:1:      minmay_arrival_diagonal_passages, corexii_item_surrounded_by_moat,
          fountainhead
D:2:      kennysheep_generic_room_4, uniq_sigmund
D:3:      okawaru_ov_weapons_minmay, uniq_crazy_yiuf_cottage, uniq_terence
D:5:      first_bread, portal_sewer_entry_a, serial_shops, shop,
          nicolae_ossuary_entry_ruins
D:6:      minmay_misc_feat_square
D:7:      minmay_temple_entry_statues_pillars, kennysheep_small_circle,
          uniq_prince_ribbit1
D:8:      erik_lair_orcish_takeover, basic_altar, grunt_livestock,
          minmay_sticks_and_stones
D:9:      xom_redecorated
D:11:     serial_shops, shop, guppyfry_shop_earth
D:12:     erik_orc_3, serial_column_ruins, column_ruins_circle_medium,
          column_ruins_columns_plus, column_ruins_columns_corner,
          column_ruins_columns_straight, column_ruins_columns_T, serial_shops,
          bzr_entry_customers
Lair:1:   st_stairs_12, serial_bayou_crossing, serial_bayou_shore_a
Lair:2:   lab_entry_generic
Lair:3:   swamp_mist
Lair:4:   kennysheep_rathole, basic_altar
Lair:5:   minmay_snake_entry_guardpost_large, enter_volcano_4, st_stairs_3
Lair:6:   slime_altar_2, eino_house_with_fridge, grunt_megastairs_3
Lair:7:   basic_altar, uniq_josephine
Lair:8:   evil_forest, roderic_batcave
Orc:1:    portal_ice_cave_entry_imps, uniq_gastronok, uniq_fannar
Orc:2:    uniq_erolcha
Orc:3:    nicolae_orc_pool_cavern, abandoned_shop, mines1_david
Orc:4:    st_orc_congregation, serial_shops, shop, uniq_sonja
Elf:1:    serial_shops, nicolae_shop_trees, orc_legates, minivault_4
Elf:2:    serial_shops, nicolae_shop_behind_doors, shop, basic_stair_grate_trap
Elf:3:    elf_hall, serial_shops, nicolae_shop_statue_plus, uniq_louise
Abyss:3:  hangedman_abyss_rune_flesh_and_stone, evilmike_abyss_exit_6,
          minivault_28
Lab:      labyrinth_mini_lab, nicolae_lab_big_swirl, nicolae_lab_blocks,
          nicolae_lab_checkerboard, nicolae_lab_flowing_pool, lab_fountain,
          nicolae_lab_hexagon
Bazaar:   bazaar_long_row
Sewer:    sewer_frog_island_01
Ossuary:  ossuary_tomb_3
IceCv:    ice_cave_small_demon
Volcano:  volcano_grotto

Action                   |  1- 3 |  4- 6 |  7- 9 | 10-12 | 13-15 | 16-18 || total
-------------------------+-------+-------+-------+-------+-------+-------++-------
Melee: Mace              |   124 |   118 |    53 |       |       |       ||   295
       Flail             |       |       |   439 |   127 |   157 |       ||   723
       Morningstar       |       |       |       |   867 |    80 |       ||   947
       Demon whip        |       |       |       |       |  1426 |  1599 ||  3025
Invok: Berserk           |     4 |     3 |     9 |     8 |    12 |     3 ||    39
       Trog's Hand       |     1 |       |     2 |     5 |     5 |    25 ||    38
       Brothers in Arms  |       |       |     1 |       |     1 |     1 ||     3
       Burn Spellbooks   |       |       |       |     2 |     3 |       ||     5
 Abil: Evoke Invisibilit |       |       |       |     1 |     2 |     7 ||    10
Evoke: Wand              |       |       |     1 |     5 |     2 |    42 ||    50
       Deck              |       |       |       |       |     1 |       ||     1
  Use: Scroll            |       |     4 |    19 |    11 |    22 |    14 ||    70
       Potion            |       |       |     5 |     1 |     1 |    10 ||    17
 Stab: Invisible         |       |       |       |     7 |    12 |    26 ||    45
       Petrified         |       |       |       |       |       |     5 ||     5
       Distracted        |       |       |       |       |       |     1 ||     1
       Petrifying        |       |       |       |       |       |     1 ||     1
  Eat: Chunk             |    12 |     7 |    27 |    43 |    60 |    28 ||   177
       Royal jelly       |       |       |     1 |     1 |       |       ||     2
       Pizza             |       |       |       |     1 |     2 |     4 ||     7
       Meat ration       |       |       |       |       |       |     2 ||     2

Vault maps used:
D:1:      minmay_arrival_diagonal_passages, corexii_item_surrounded_by_moat,
          fountainhead
D:2:      kennysheep_generic_room_4, uniq_sigmund
D:3:      okawaru_ov_weapons_minmay, uniq_crazy_yiuf_cottage, uniq_terence
D:5:      first_bread, portal_sewer_entry_a, serial_shops, shop,
          nicolae_ossuary_entry_ruins
D:6:      minmay_misc_feat_square
D:7:      minmay_temple_entry_statues_pillars, kennysheep_small_circle,
          uniq_prince_ribbit1
D:8:      erik_lair_orcish_takeover, basic_altar, grunt_livestock,
          minmay_sticks_and_stones
D:9:      xom_redecorated
D:11:     serial_shops, shop, guppyfry_shop_earth
D:12:     erik_orc_3, serial_column_ruins, column_ruins_circle_medium,
          column_ruins_columns_plus, column_ruins_columns_corner,
          column_ruins_columns_straight, column_ruins_columns_T, serial_shops,
          bzr_entry_customers
Lair:1:   st_stairs_12, serial_bayou_crossing, serial_bayou_shore_a
Lair:2:   lab_entry_generic
Lair:3:   swamp_mist
Lair:4:   kennysheep_rathole, basic_altar
Lair:5:   minmay_snake_entry_guardpost_large, enter_volcano_4, st_stairs_3
Lair:6:   slime_altar_2, eino_house_with_fridge, grunt_megastairs_3
Lair:7:   basic_altar, uniq_josephine
Lair:8:   evil_forest, roderic_batcave
Orc:1:    portal_ice_cave_entry_imps, uniq_gastronok, uniq_fannar
Orc:2:    uniq_erolcha
Orc:3:    nicolae_orc_pool_cavern, abandoned_shop, mines1_david
Orc:4:    st_orc_congregation, serial_shops, shop, uniq_sonja
Elf:1:    serial_shops, nicolae_shop_trees, orc_legates, minivault_4
Elf:2:    serial_shops, nicolae_shop_behind_doors, shop, basic_stair_grate_trap
Elf:3:    elf_hall, serial_shops, nicolae_shop_statue_plus, uniq_louise
Abyss:3:  hangedman_abyss_rune_flesh_and_stone, evilmike_abyss_exit_6,
          minivault_28
Lab:      labyrinth_mini_lab, nicolae_lab_big_swirl, nicolae_lab_blocks,
          nicolae_lab_checkerboard, nicolae_lab_flowing_pool, lab_fountain,
          nicolae_lab_hexagon
Bazaar:   bazaar_long_row
Sewer:    sewer_frog_island_01
Ossuary:  ossuary_tomb_3
IceCv:    ice_cave_small_demon
Volcano:  volcano_grotto

Table legend:
 A = Turns spent in this place as a percentage of turns spent in the entire game.
 B = Non-inter-level travel turns spent in this place as a percentage of non-inter-level travel turns spent in the entire game.
 C = Inter-level travel turns spent in this place as a percentage of turns spent in this place.
 D = Turns resting spent in this place as a percentage of non-inter-level travel turns spent in this place.
 E = Turns spent auto-exploring this place as a percentage of non-inter-level travel turns spent in this place.
 F = Non-inter-level travel turns spent in this place divided by the number of levels of this place that you've seen.
                   A       B       C       D       E      F
               +-------+-------+-------+-------+-------+----------------------
         Total | 100.0 | 100.0 |   0.3 |   2.0 |   5.1 | 495.0
       Dungeon |  27.8 |  27.8 |   0.5 |   2.1 |   6.8 | 447.2
          Lair |  29.6 |  29.6 |   0.2 |   2.0 |   4.8 | 713.8
  Orcish Mines |  13.9 |  13.9 |   0.5 |   2.2 |   6.2 | 670.2
   Elven Halls |  12.3 |  12.4 |   0.1 |   2.0 |   4.7 | 796.0
         Abyss |   9.2 |   9.2 |   0.0 |   0.3 |   0.0 | 297.0
     Labyrinth |   1.1 |   1.1 |   0.0 |   2.8 |   0.0 | 212.0
        Bazaar |   0.1 |   0.1 |   0.0 |   0.0 |  48.0 |  25.0
         Sewer |   1.7 |   1.7 |   0.0 |   0.0 |   0.0 | 320.0
       Ossuary |   0.9 |   0.9 |   0.0 |   4.9 |   8.2 | 183.0
      Ice Cave |   1.6 |   1.6 |   0.0 |   3.8 |   8.5 | 318.0
       Volcano |   1.7 |   1.7 |   0.0 |   6.2 |   3.4 | 321.0
               +-------+-------+-------+-------+-------+----------------------

Table legend:
 A = Kills in this place as a percentage of kills in entire the game.
 B = Kills by you in this place as a percentage of kills by you in the entire game.
 C = Kills by friends in this place as a percentage of kills by friends in the entire game.
 D = Other kills in this place as a percentage of other kills in the entire game.
 E = Experience gained in this place as a percentage of experience gained in the entire game.
 F = Experience gained in this place divided by the number of levels of this place that you have seen.
                   A       B       C       D       E      F
               +-------+-------+-------+-------+-------+----------------------
         Total | 100.0 | 100.0 | 100.0 | 100.0 | 100.0 | 6341.9
       Dungeon |  24.2 |  24.4 |   0.0 |   0.0 |   8.3 | 1716.3
          Lair |  27.5 |  27.7 |  20.0 |   0.0 |  28.0 | 8664.1
  Orcish Mines |  24.6 |  24.9 |   0.0 |   0.0 |  10.9 | 6758.2
   Elven Halls |  10.4 |  10.4 |   0.0 |  22.2 |  31.6 | 26017.3
         Abyss |   6.7 |   6.0 |  40.0 |  77.8 |  16.5 | 6809.7
     Labyrinth |   0.1 |   0.1 |   0.0 |   0.0 |   0.4 | 1065.0
         Sewer |   1.7 |   1.7 |   0.0 |   0.0 |   0.2 | 431.0
       Ossuary |   1.4 |   1.2 |  40.0 |   0.0 |   0.2 | 465.0
      Ice Cave |   2.1 |   2.1 |   0.0 |   0.0 |   2.3 | 5715.0
       Volcano |   1.4 |   1.4 |   0.0 |   0.0 |   1.5 | 3806.0
               +-------+-------+-------+-------+-------+----------------------
